Map: 에버 드림 - 래더

Players

Zest - Winner!

  • Race: Protoss Protoss
  • League: Master
  • Spawn Location: 7:00

Bunny

  • Race: Terran Terran
  • League: Bronze
  • Spawn Location: 1:00

Event: StayAtHomestory Cup #1

VOD

Have the link to the VOD?

Description

Time

  • Played on: April 10, 2020, 6:51 a.m.
  • Length: 5:04

All games in this series

Show
View Real Time Build Order
Export as new Build Order

Zest Protoss - Winner!

Build Orders:  

Get SALT Encoding   

  12  0:00  Probe  
  13  0:12  Probe  
  14  0:17  Pylon  
  14  0:24  Probe (Chrono Boost)  
  15  0:36  Probe (Chrono Boost)  
  15  0:37  Gateway  
  16  0:44  Probe (Chrono Boost)  
  16  0:46  Assimilator  
  17  0:51  Probe  
  18  1:03  Probe  
  19  1:15  Probe  
  20  1:24  Cybernetics Core  
  20  1:26  Zealot  
  20  1:27  Probe  
  20  1:28  Pylon  
  23  1:47  Nexus  
  23  1:55  Probe  
  23  1:57  Stalker (Chrono Boost)  
  26  2:01  Warp Gate  
  26  2:07  Assimilator  
  26  2:10  Probe  
  27  2:22  Probe  
  28  2:34  Probe (Chrono Boost)  
  28  2:46  Probe (Chrono Boost)  
  28  2:48  Stalker (Chrono Boost)  
  31  2:51  Gateway  
  31  2:55  Gateway  
  31  2:59  Probe  
  31  3:02  Probe  
  32  3:11  Probe  
  33  3:13  Stalker (Chrono Boost)  
  33  3:14  Probe  
  36  3:23  Probe  
  36  3:26  Probe  
  38  3:33  Pylon  
  37  3:43  Probe  
  36  3:52  Stalker x3  
  42  3:57  Probe  
  42  4:00  Probe, Pylon  
  44  4:12  Probe  
  44  4:16  Stalker x3  
  47  4:17  Probe  
  46  4:24  Probe, Robotics Facility  
  46  4:29  Probe  
  48  4:37  Stalker x3  
  52  5:01  Stalker  
  52  5:02  Stalker  
Show
View Real Time Build Order
Export as new Build Order

Bunny Terran 

Build Orders:  

Get SALT Encoding   

  12  0:00  SCV  
  13  0:12  SCV  
  14  0:17  Supply Depot  
  14  0:25  SCV  
  15  0:39  SCV  
  15  0:40  Barracks  
  16  0:46  Refinery  
  16  0:51  SCV  
  16  0:56  Refinery  
  17  1:03  SCV  
  18  1:15  SCV  
  19  1:27  Orbital Command  
  19  1:28  Reaper  
  20  1:34  Supply Depot  
  20  1:50  Factory  
  20  1:54  SCV  
  20  2:00  Reaper  
  22  2:06  SCV  
  23  2:21  SCV  
  24  2:33  SCV  
  24  2:37  Widow Mine  
  27  2:38  Command Center  
  27  2:43  Starport  
  26  2:45  SCV  
  27  2:53  Supply Depot  
  27  2:57  SCV  
  27  2:58  Widow Mine  
  30  3:09  SCV  
  31  3:21  Starport Tech Lab  
  31  3:23  SCV  
  31  3:24  Factory Tech Lab  
  31  3:35  SCV  
  31  3:40  Banshee  
  35  3:44  Cyclone  
  38  3:50  Orbital Command  
  38  3:52  SCV  
  38  4:04  SCV  
  38  4:16  SCV, Siege Tank  
  37  4:23  Marine  
  39  4:28  SCV  
  39  4:29  Supply Depot  
  40  4:47  Barracks Reactor  
  40  4:50  SCV  
Tags
 
Add a new tag
Caveats
  • Supply blocks, unpowered buildings, or Contaminate may cause inaccurate times.
  • Supply counts are checked every 10 seconds.